Map: 애씨드 플랜트 - 래더

Players

Patience

  • Race: Protoss Protoss
  • Spawn Location: 11:00

lIIllllIIlll (INnoVation) - Winner!

  • Race: Terran Terran
  • League: Master
  • Spawn Location: 5:00

Event: HomeStory Cup XVII

VOD

Have the link to the VOD?

Description

Time

  • Played on: June 30, 2018, 5:15 p.m.
  • Length: 12:57

All games in this series

Show
View Real Time Build Order
Export as new Build Order

Patience Protoss 

Build Orders: 1 Gate Expand, Double Forge, Dark Templar Rush 

Get SALT Encoding   

  12  0:00  Probe  
  13  0:13  Probe  
  14  0:17  Pylon  
  14  0:23  Probe  
  15  0:31  Probe  
  15  0:37  Gateway  
  15  0:39  Probe  
  16  0:46  Assimilator  
  17  0:51  Probe  
  18  1:03  Probe  
  19  1:15  Probe  
  20  1:23  Nexus  
  20  1:32  Cybernetics Core  
  20  1:35  Probe  
  21  1:41  Assimilator  
  21  1:47  Probe  
  21  1:51  Pylon  
  22  1:56  Probe  
  22  1:59  Stalker  
  23  2:05  Probe  
  23  2:11  Warp Gate  
  23  2:14  Probe  
  27  2:26  Probe  
  27  2:27  Twilight Council  
  28  2:35  Probe  
  31  2:42  Probe  
  32  2:48  Probe  
  32  2:49  Pylon  
  33  2:54  Probe  
  33  2:56  Probe  
  32  3:04  Probe  
  33  3:06  Probe  
  33  3:07  Robotics Facility  
  33  3:11  Dark Shrine  
  35  3:16  Probe  
  35  3:18  Probe  
  37  3:25  Gateway  
  37  3:28  Gateway  
  37  3:29  Probe  
  37  3:31  Probe  
  39  3:38  Probe, Pylon  
  39  3:44  Probe, Warp Prism  
  39  3:46  Probe  
  39  3:47  Assimilator  
  41  3:54  Shield Battery  
  42  3:57  Probe  
  42  4:00  Probe  
  42  4:02  Assimilator  
  46  4:09  Probe  
  47  4:13  Observer  
  47  4:14  Probe  
  48  4:17  Blink  
  48  4:21  Probe  
  50  4:26  Probe, Forge  
  50  4:27  Forge  
  51  4:34  Dark Templar  
  51  4:35  Dark Templar  
  55  4:42  Pylon  
  55  5:11  Stalker  
  55  5:12  Stalker x2  
  55  5:13  Probe x2  
  57  5:16  Protoss Ground Weapons Level 1  
  57  5:17  Protoss Ground Armor Level 1  
  48  5:41  Stalker x3  
  48  5:42  Probe x2  
  52  5:48  Observer  
  53  5:54  Probe x2  
  55  6:06  Probe  
  55  6:07  Probe  
  55  6:09  Stalker x3  
  63  6:17  Warp Prism  
  63  6:18  Probe  
  63  6:19  Probe  
  63  6:27  Charge  
  63  6:28  Nexus, Pylon  
  63  6:40  Stalker x2  
  63  6:42  Stalker  
  69  6:58  Observer  
  69  6:59  Gateway x2  
  70  7:03  Gateway  
  70  7:08  Dark Templar x2  
  70  7:14  Dark Templar  
  76  7:18  Gateway  
  76  7:21  Gateway  
  70  7:43  Stalker x2  
  74  7:48  Dark Templar  
  76  7:57  Zealot x2, Pylon  
  78  7:58  Pylon  
  78  8:01  Zealot  
  80  8:07  Zealot x2  
  70  8:21  Dark Templar, Zealot x3  
  70  8:22  Dark Templar  
  70  8:30  Stalker  
  72  8:36  Probe x2  
  72  8:37  Probe  
  75  8:53  Sentry x3  
  75  8:54  Zealot x2  
  75  8:55  Probe x2  
  85  9:00  Probe  
  85  9:01  Stalker  
  89  9:05  Probe  
  89  9:07  Probe  
  89  9:08  Probe  
  91  9:13  Probe  
  94  9:26  Probe  
  94  9:29  Probe  
  94  9:30  Probe  
  97  9:34  Forge  
  97  9:35  Forge  
  97  9:44  Dark Templar x2  
  101  9:47  Pylon  
  101  9:48  Pylon  
  99  9:54  Probe x2  
  99  9:55  Probe  
  99  9:58  Assimilator  
  99  9:59  Pylon  
  101  10:00  Assimilator  
  101  10:06  Probe  
  102  10:08  Dark Templar x3  
  102  10:09  Dark Templar  
  102  10:11  Dark Templar  
  102  10:13  Archon x3  
  112  10:14  Observer  
  112  10:15  Archon, Stalker  
  112  10:16  Stalker  
  112  10:19  Probe x3  
  119  10:26  Dark Templar  
  121  10:31  Probe  
  121  10:32  Pylon  
  121  10:33  Pylon  
  122  10:44  Observer  
  122  10:46  Zealot  
  122  10:49  Nexus  
  124  10:51  Dark Templar x2  
  124  10:55  Dark Templar  
  128  10:59  Dark Templar  
  130  11:04  Archon  
  130  11:07  Archon  
  130  11:14  Observer  
  130  11:15  Zealot x4  
  136  11:31  Zealot x3  
  136  11:32  Zealot  
  140  11:56  Pylon  
  140  11:57  Dark Templar  
  140  11:59  Pylon  
  140  12:01  Pylon  
  130  12:09  Dark Templar  
  130  12:10  Dark Templar x4  
  130  12:11  Zealot x2  
  130  12:14  Archon x2  
  112  12:30  Zealot  
  112  12:31  Zealot x2  
  98  12:37  Dark Templar x2  
  98  12:43  Zealot x3  
  75  12:52  Stalker x3  
Show
View Real Time Build Order
Export as new Build Order

lIIllllIIlll Terran - Winner!

Build Orders: Gas First Reaper Expand, Liberator Opening, Reaper Expand, MMM Bio 

Get SALT Encoding   

  12  0:00  SCV  
  13  0:12  SCV  
  14  0:17  Supply Depot  
  14  0:25  SCV  
  15  0:29  Refinery  
  15  0:38  SCV  
  16  0:44  Barracks  
  16  0:50  SCV  
  17  1:02  SCV  
  18  1:15  SCV  
  19  1:30  Orbital Command  
  19  1:31  Reaper  
  20  1:43  Command Center  
  20  1:54  Factory  
  20  1:58  SCV  
  21  2:05  Barracks Reactor  
  21  2:08  Refinery  
  21  2:10  SCV  
  22  2:16  Supply Depot  
  22  2:22  SCV  
  23  2:37  SCV  
  23  2:40  Starport  
  23  2:43  Marine x2  
  26  2:45  Widow Mine  
  26  2:50  SCV  
  28  2:56  Orbital Command  
  28  3:00  Marine  
  28  3:01  Marine  
  28  3:02  SCV  
  31  3:07  Widow Mine  
  33  3:14  SCV  
  33  3:15  Medivac  
  33  3:19  Marine  
  36  3:20  Marine  
  36  3:23  SCV  
  36  3:26  SCV  
  40  3:29  Supply Depot  
  40  3:31  Factory Tech Lab  
  40  3:34  Liberator  
  40  3:36  SCV  
  40  3:38  Marine x2, SCV  
  44  3:44  Supply Depot  
  44  3:52  SCV x2  
  49  3:59  Engineering Bay  
  49  4:02  Siege Tank  
  52  4:05  Marine x2  
  52  4:09  SCV x2  
  56  4:12  Supply Depot  
  56  4:21  Barracks  
  56  4:23  SCV x2  
  58  4:29  Missile Turret  
  58  4:32  Barracks  
  58  4:37  Starport Tech Lab  
  58  4:38  Marine x2  
  58  4:41  SCV  
  58  4:43  SCV  
  62  4:47  Refinery  
  62  4:50  Missile Turret  
  61  4:59  SCV x2  
  57  5:11  SCV x2  
  59  5:15  Marine x2  
  59  5:23  SCV x2  
  61  5:29  Engineering Bay  
  61  5:31  Combat Shields  
  61  5:32  Supply Depot  
  61  5:34  Stimpack  
  56  5:35  SCV x2  
  56  5:40  Viking  
  56  5:42  Factory Reactor  
  55  5:47  SCV  
  55  5:48  Marauder x2, SCV  
  61  5:51  Marine  
  62  5:57  Terran Infantry Weapons Level 1  
  62  6:03  SCV  
  62  6:04  SCV  
  62  6:11  Marine  
  62  6:12  Marauder x2  
  62  6:16  Supply Depot  
  67  6:24  SCV x2  
  69  6:29  Medivac  
  69  6:30  Factory Reactor, Medivac  
  73  6:36  Marauder x2  
  73  6:38  SCV  
  78  6:40  SCV  
  78  6:42  Supply Depot  
  79  6:48  Supply Depot  
  79  6:50  Marine x2  
  79  6:52  Concussive Shells  
  81  6:56  SCV x2  
  83  7:06  Medivac x2  
  83  7:08  Marauder x2  
  91  7:09  Widow Mine  
  91  7:10  Widow Mine  
  91  7:15  Supply Depot  
  95  7:16  Marine x2  
  95  7:20  SCV  
  95  7:21  SCV  
  93  7:30  Marauder x2  
  93  7:33  Marine x2, SCV x2  
  93  7:34  Widow Mine  
  92  7:46  SCV x2  
  93  7:51  Marauder x2, Marine x2  
  93  7:58  Terran Infantry Armor Level 1  
  96  8:09  Marine x2  
  102  8:13  Widow Mine x2, Marauder x2  
  84  8:26  SCV x2  
  82  8:27  Marine x2  
  86  8:34  Marauder x2  
  86  8:35  Widow Mine x2  
  86  8:38  SCV x2  
  92  8:45  Marine x2  
  96  8:55  Marauder x2  
  96  8:57  Widow Mine  
  96  8:58  Widow Mine  
  96  8:59  Command Center  
  96  9:01  Medivac  
  96  9:02  Medivac  
  104  9:05  Marine x2  
  106  9:13  Refinery  
  106  9:14  Barracks  
  106  9:15  Barracks  
  106  9:16  Supply Depot  
  106  9:21  Widow Mine x2  
  108  9:28  Marauder  
  110  9:37  Marine x2  
  110  9:38  Marauder, SCV x2  
  116  9:40  Supply Depot  
  116  9:42  Supply Depot  
  110  9:49  Marauder  
  110  9:51  SCV x2  
  116  9:53  Widow Mine  
  116  9:54  Widow Mine  
  116  9:56  Marine  
  118  10:01  Medivac  
  118  10:02  Medivac, Marauder  
  122  10:09  Barracks Reactor, Barracks Tech Lab  
  122  10:12  Ghost Academy  
  122  10:15  Orbital Command  
  122  10:21  Marauder  
  122  10:27  Marine x2  
  126  10:29  Widow Mine x2  
  130  10:36  Supply Depot  
  130  10:43  Ghost x2  
  130  10:47  Orbital Command  
  134  10:52  Ghost  
  134  10:54  Marine x3  
  134  10:55  Marine  
  139  11:06  Supply Depot  
  139  11:15  Ghost  
  142  11:18  Marine x3  
  145  11:28  Ghost  
  147  11:35  Supply Depot, Ghost, Marine  
  147  11:36  Marine x3  
  152  11:41  Widow Mine x2  
  156  11:47  Supply Depot  
  156  11:55  Marine x3, Marauder  
  156  11:57  Marauder  
  159  12:02  Widow Mine x2  
  159  12:04  Marauder  
  143  12:16  Marine, Marauder  
  143  12:19  Marauder  
  137  12:34  Marine  
  137  12:35  Marine  
Tags
 
Add a new tag
Caveats
  • Supply blocks, unpowered buildings, or Contaminate may cause inaccurate times.
  • Supply counts are checked every 10 seconds.